 Dungeon Crawl Stone Soup version 0.26.0-9-gab577f9fc5 (webtiles) character file.

Game seed: 16352586750358569558

1107 FreshCat the Insei (level 8, 0/45 HPs)
             Began as an Octopode Transmuter on Jan 14, 2021.
             Was a Believer of Hepliaklqana.
             Slain by an ogre
             ... wielding a +0 giant club
              (20 damage)
             ... on level 5 of the Dungeon.
             The game lasted 00:19:33 (6844 turns).

FreshCat the Insei (Octopode Transmuter)            Turns: 6844, Time: 00:19:33

Health: 0/45       AC:  2    Str: 12    XL:     8   Next: 33%
Magic:  0/13       EV: 21    Int: 15    God:    Hepliaklqana [**....]
Gold:   235        SH:  0    Dex: 17    Spells: 8/14 levels left

rFire    + . .     SeeInvis .     - Unarmed
rCold    . . .     Faith    .   (shield currently unavailable)
rNeg     . . .     Spirit   +   (helmet currently unavailable)
rPois    x         Reflect  .   n - amulet of guardian spirit
rElec    .         Harm     .   c - ring of protection from fire
rCorr    .         Rampage  .   (no ring)
Will     .....                  (no ring)
Stlth    +++.......             (no ring)
HPRegen  0.15/turn              (no ring)
MPRegen  0.13/turn              (no ring)
                                (no ring)
                                (no ring)

@: spider-form, very slightly contaminated
A: tiny, almost no armour, stealthy swim, (amphibious), 8 rings, (constrict 8),
reduced essence
a: End Transformation, Renounce Religion, Recall Ancestor, Ancestor Identity


You were on level 5 of the Dungeon.
You worshipped Hepliaklqana.
Hepliaklqana was pleased with you.
You were a venomous arachnid creature.
You visited 1 branch of the dungeon, and saw 6 of its levels.

You collected 235 gold pieces.

Inventory:

Missiles
 e - 241 stones
 i - 11 atropa-tipped darts (quivered)
 m - 4 silver boomerangs
 p - 6 boomerangs
Jewellery
 c - a ring of protection from fire (left front leg)
 n - an amulet of guardian spirit (around neck)
Wands
 q - a wand of polymorph (9)
Scrolls
 a - a scroll of fear
 g - a scroll of teleportation
 h - 2 scrolls of remove curse {unknown}
 l - a scroll of enchant weapon {unknown}
Potions
 b - 2 potions of degeneration {unknown}
 d - a potion of haste {unknown}
 f - 3 potions of might
 j - 2 potions of resistance {unknown}
 k - a potion of brilliance {unknown}
 o - a potion of cancellation {unknown}
 r - a potion of mutation {unknown}
 s - 2 potions of curing {unknown}


   Skills:
 + Level 2.0 Fighting
 + Level 1.1 Throwing
 + Level 3.6 Dodging
 + Level 5.4 Stealth
 + Level 6.9 Unarmed Combat
 + Level 3.5 Spellcasting
 + Level 3.3 Transmutations
 + Level 1.1 Poison Magic


You had 8 spell levels left.
You knew the following spells:

 Your Spells              Type           Power        Failure   Level
a - Beastly Appendage     Tmut           24%          14%         1
b - Wereblood             Tmut           12%          19%         2
c - Spider Form           Tmut/Pois      4%           43%         3

Your spell library contained the following spells:

 Spells                   Type           Power        Failure   Level
 Ice Form                 Ice/Tmut       7%           85%         4
 Blade Hands              Tmut           6%           91%         5


Dungeon Overview and Level Annotations

Branches:
Dungeon (6/15)
 Temple: D:4-7

Altars:
Ashenzari
Elyvilon
Fedhas
Gozag
Hepliaklqana
Vehumet

Annotations:
D:6 Eustachio


Innate Abilities, Weirdness & Mutations

You cannot wear most types of armour.
You are very stealthy in the water. (Stealth+)
((You are amphibious.))
You can wear up to eight rings at the same time.
((You can use your tentacles to constrict eight enemies at once.))
((Your skin changes colour to match your surroundings (Stealth+).))
((Your rubbery body absorbs attacks. (AC +1, EV +1)))
Your life essence is reduced to manifest your ancestor. (-10% HP)


Message History

You tentacle-slap the ogre. You squeeze the ogre, but do no damage.
The ogre is lightly wounded.
Hentai-Opi casts a spell at the ogre.
The ogre resists with some effort.
The ogre hits you with a +0 giant club!!
Ouch! That really hurt!
Casting: Spider Form (quite dangerous; 22% risk of failure)
Confirm with . or Enter, or press ? or * to list all spells.
The spell is quite dangerous to cast (22% risk of failure)!
Continue anyway?
You miscast Spider Form.
You are very lightly contaminated with residual magic.
Nothing appears to happen.
Hentai-Opi points at the ogre and mumbles some strange words.
The ogre resists with some effort.
Casting: Spider Form (quite dangerous; 22% risk of failure)
Confirm with . or Enter, or press ? or * to list all spells.
The spell is quite dangerous to cast (22% risk of failure)!
Continue anyway?
You turn into a venomous arachnid creature.
The ogre hits you with a +0 giant club!!
You die...

#... #..# .. ###..## ##'# #.....#
.... #..... .... ..########..#
### ...# ...
.........#..####.###...# ...
.......sR'...#.......... ...
......O..#...'.......... ...
.........#..##...##..... ...
.........#..##...##..... ..
.....((..#####....#.....
################(.....#...##'####
...............#(.....#####......
....>..........#.................
........<......# ..............


You could see the friendly Hentai-Opi the hexer and an ogre.

Vanquished Creatures
  Edmund (D:5)
  3 phantoms
  An ogre (D:4)
  2 centaurs (D:5)
  A scorpion (D:5)
  A hound (D:5)
  2 orc priests
  Ijyb (D:4)
  2 worker ant zombies
  6 gnolls
  8 adders
  An ooze (D:5)
  An adder skeleton (D:4)
  5 worms
  4 dart slugs
  A leopard gecko (D:3)
  9 orcs
  2 giant cockroaches
  2 goblins (D:2)
  3 hobgoblins
  5 jackals
  2 quokkas
  A bat (D:1)
  5 frilled lizards
  6 kobolds
  4 rats
79 creatures vanquished.

Vanquished Creatures (collateral kills)
  An orc wizard (D:3)
  An adder (D:3)
  A gnoll (D:4)
  A white imp (D:5)
  A leopard gecko (D:5)
  3 orcs
  2 bats (D:3)
10 creatures vanquished.

Vanquished Creatures (others)
  A hound (D:5)
  A hexer (D:4)
  3 ancestors
5 creatures vanquished.

Grand Total: 94 creatures vanquished

Notes
Turn   | Place    | Note
-------+----------+-------------------------------------------
     0 | D:1      | FreshCat the Octopode Transmuter began the quest for the
                  | Orb.
     0 | D:1      | Reached XP level 1. HP: 13/13 MP: 3/3
   103 | D:1      | You fall into a shaft and drop 1 floor!
   197 | D:2      | Found an opulent altar of Gozag.
   231 | D:2      | Reached XP level 2. HP: 4/18 MP: 5/5
   538 | D:1      | Learned a level 2 spell: Wereblood
  1539 | D:1      | Reached XP level 3. HP: 12/23 MP: 4/6
  1705 | D:2      | Reached skill level 1 in Stealth
  2152 | D:2      | Found a radiant altar of Vehumet.
  2281 | D:2      | Reached XP level 4. HP: 28/28 MP: 7/7
  2339 | D:2      | Found a hazy altar of Hepliaklqana.
  2456 | D:2      | Became a worshipper of Hepliaklqana the Forgotten
  2547 | D:3      | Found a broken altar of Ashenzari.
  2670 | D:3      | Reached skill level 4 in Unarmed Combat
  3234 | D:3      | Reached XP level 5. HP: 27/29 MP: 6/8
  3611 | D:3      | Found a blossoming altar of Fedhas.
  3612 | D:3      | Found a white marble altar of Elyvilon.
  3910 | D:3      | Reached * piety under Hepliaklqana
  3979 | D:4      | Noticed a phantom
  4074 | D:4      | Noticed a phantom
  4106 | D:4      | Killed a phantom
  4107 | D:4      | Reached XP level 6. HP: 20/34 MP: 5/10
  4298 | D:5      | Entered Level 5 of the Dungeon
  4441 | D:5      | Reached skill level 5 in Unarmed Combat
  4471 | D:5      | Noticed a phantom
  4495 | D:5      | HP: 1/34 [centaur/arrow (7)]
  4500 | D:5      | Noticed Edmund
  4704 | D:5      | Killed Edmund
  4917 | D:5      | Learned a level 3 spell: Spider Form
  5119 | D:5      | Reached XP level 7. HP: 37/38 MP: 7/11
  5434 | D:5      | Reached skill level 1 in Throwing
  5450 | D:5      | Reached skill level 6 in Unarmed Combat
  5728 | D:6      | Noticed Eustachio
  5747 | D:4      | Reached ** piety under Hepliaklqana
  5748 | D:4      | Remembered your ancestor Hentai-Opi as a hexer
  5960 | D:4      | Noticed Ijyb
  5970 | D:4      | Killed Ijyb
  5971 | D:4      | Reached skill level 5 in Stealth
  5996 | D:4      | Reached XP level 8. HP: 12/45 MP: 1/13
  6338 | D:4      | Reached skill level 1 in Poison Magic
  6844 | D:5      | Slain by an ogre

Illustrated notes

Levels and vault maps discovered:
D:1:      roderic_chinese_lattice_arrival, layout_basic
D:2:      layout_loops_ring, nzn_hepliaklqana_mist_gate,
          nicolae_gozag_cash_rules_everything_around_me, vehumet_crystals,
          serial_glass, glass_columns_b, glass_columns_a, corexii_hall_statues_t
D:3:      layout_basic, nicolae_ashenzari_panopticon,
          gammafunk_temple_overflow_statue, grunt_decor_mini_mirrors,
          grunt_decor_fettered, minivault_25
D:4:      layout_gridville, uniq_ijyb
D:5:      layout_gridville, minmay_misc_feat_encased, uniq_edmund
D:6:      layout_loops_cross, abandoned_shop, uniq_eustachio

Skill      XL: |  1  2  3  4  5  6  7  8 |
---------------+-------------------------+-----
Stealth        | 1 2 3 4 5 |  5.4
Unarmed Combat | 4 5 6 |  6.9
Dodging        | 3 |  3.6
Spellcasting   | 3 |  3.5
Transmutations | 3 |  3.3
Throwing       | 1 |  1.1
Fighting       | 2 |  2.0
Poison Magic   | 1 |  1.1

Action                   |  1- 3 |  4- 6 |  7- 9 || total
-------------------------+-------+-------+-------++-------
Melee: Unarmed           |    74 |   107 |    95 ||   276
       Constrict         |    18 |    21 |     9 ||    48
       Kick              |     6 |     9 |       ||    15
       Tentacles         |    10 |    12 |    10 ||    32
       Punch             |       |     5 |     3 ||     8
Throw: Boomerang         |       |     4 |       ||     4
       Dart              |       |     1 |       ||     1
 Cast: Beastly Appendage |     5 |     6 |       ||    11
       Wereblood         |       |     4 |       ||     4
       Spider Form       |       |       |     8 ||     8
Invok: Ancestor Identity |       |     2 |       ||     2
       Ancestor Life: He |       |       |     1 ||     1
  Use: Scroll            |     4 |     4 |       ||     8
       Potion            |       |     4 |     1 ||     5
 Stab: Sleeping          |     7 |     7 |     7 ||    21
       Invisible         |       |     1 |       ||     1
       Distracted        |       |       |     1 ||     1
       Confused          |       |       |     1 ||     1
Armor: Skin              |     5 |     5 |     3 ||    13
Dodge: Dodged            |    43 |    77 |    61 ||   181
